 Dungeon Crawl Stone Soup version 0.16.1-18-g436b03c (webtiles) character file.

18 Leviathan2552 the Caller (level 2, -3/15 HPs)
             Began as a Tengu Summoner on May 1, 2015.
             Slain by a hound (5 damage)
             ... on level 1 of the Dungeon on May 2, 2015.
             The game lasted 00:05:56 (956 turns).

Leviathan2552 the Caller (Tengu Summoner)            Turns: 956, Time: 00:05:56

Health: -3/15      AC:  2    Str:  8    XL:     2   Next: 66%
Magic:  5/5        EV: 13    Int: 15    God:
Gold:   4          SH:  0    Dex: 14    Spells: 2 memorised, 2 levels left

rFire  . . .     SeeInvis .     (no weapon)
rCold  . . .     Clarity  .     a - +0 robe
rNeg   . . .     SustAb   .     (no shield)
rPois  .         Gourm    .     (helmet restricted)
rElec  .         Spirit   .     (no cloak)
rCorr  .         Warding  .     (no gloves)
rMut   .         Stasis   .     (boots unavailable)
MR     .....                    (no amulet)
Stlth  ++........               (no ring)
                                (no ring)

@: not resistant to hostile enchantments, unstealthy
A: beak, talons 3
a: no special abilities


You were on level 1 of the Dungeon.
You were hungry.

You visited 1 branch of the dungeon, and saw 1 of its levels.

You collected 4 gold pieces.

Inventory:

Armour
 a - a +0 robe (worn)
 d - a +0 pair of boots
Scrolls
 e - a scroll of random uselessness {unknown}
Potions
 f - a potion of agility {unknown}
Books
 b - a book of Callings

   Spells                             Type                      Level
   a - Summon Small Mammal            Summoning                    1
   b - Call Imp                       Summoning                    2
   c - Call Canine Familiar           Summoning                    3
   d - Summon Guardian Golem          Hexes/Summoning              4
   e - Summon Lightning Spire         Summoning/Air                4
   f - Summon Ice Beast               Ice/Summoning                4
Comestibles
 c - a bread ration
 g - a beef jerky


   Skills:
 + Level 2.5 Dodging
 + Level 2.0 Stealth
 + Level 0.2 Unarmed Combat
 + Level 2.0 Spellcasting
 + Level 5.3 Summonings


You had 2 spell levels left.
You knew the following spells:

 Your Spells              Type           Power        Failure   Level  Hunger
a - Summon Small Mammal   Summ           ###.         2%          1    #......
b - Call Imp              Summ           ###.....     4%          2    ###....


Dungeon Overview and Level Annotations

Branches:
Dungeon (1/15)

Altars:


Innate Abilities, Weirdness & Mutations

You have a beak for a mouth.
You have claws for feet.


Message History

The hound bites you but does no damage. The hound bites you.
You hit the hound. Your kick misses the hound.
The hound is lightly wounded.
The hound closely misses you.
You hit the hound. You claw the hound, but do no damage.
The hound is moderately wounded.
The hound closely misses you. The hound bites you.
You barely miss the hound. You peck the hound.
The hound is heavily wounded.
The hound closely misses you.
You hit the hound.
The hound is heavily wounded.
The hound bites you.
* * * LOW HITPOINT WARNING * * *
The hound bites you.
* * * LOW HITPOINT WARNING * * *
The hound closely misses you. The hound barely misses you. The hound bites you.
You die...

....#..#.#.########.#.###.#.####
..#.#..#.#.#........#..........#
..#.#..#.#.#.############.(###.#
..#.#....#.#.#.............# #.#
..#.##.###.#.#'###########.# #.#
#......................# #.# #.#
#...##.###........####.# #.# #.#
#...##.# #........# #.# #.# #.#
#...##.#####+#+#@## #.###.# #.#
....#..........#h# #.....# #.#
##.............#.########### #.#
##..#..........#.##......# #.#
...............#.###.###.# #.#
##.#...........#.###)###.#####.#
#..........#+#.........).......#
####....####+###.###.###.#######
......>...[......#.....#.#


You could see a hound.

Vanquished Creatures
  A giant gecko (D:1)
  A goblin (D:1)
  A hobgoblin (D:1)
  A bat (D:1)
  A giant newt (D:1)
  2 rats (D:1)
7 creatures vanquished.

Vanquished Creatures (collateral kills)
  A giant gecko (D:1)
  4 bats (D:1)
  2 goblins (D:1)
  3 hobgoblins (D:1)
  2 giant newts (D:1)
  A kobold (D:1)
13 creatures vanquished.

Vanquished Creatures (others)
  A bat (D:1)
  4 rats (D:1)
5 creatures vanquished.

Grand Total: 25 creatures vanquished

Notes
Turn   | Place    | Note
--------------------------------------------------------------
     0 | D:1      | Leviathan2552, the Tengu Summoner, began the quest for the Orb.
     0 | D:1      | Reached XP level 1. HP: 10/10 MP: 3/3
    34 | D:1      | Reached skill level 5 in Summonings
   128 | D:1      | Reached XP level 2. HP: 6/15 MP: 1/5
   201 | D:1      | Learned a level 2 spell: Call Imp
   956 | D:1      | Slain by a hound

Action                   || total
-------------------------++-------
Melee: Unarmed           ||    56
 Cast: Summon Small Mamm ||     8
       Call Imp          ||     4
